 Dungeon Crawl Stone Soup version 0.18-a0-1120-g03bd624 (webtiles) character file.

30 Banto the Poker (level 3, 0/29 HPs)
             Began as a Centaur Warper on Jan 18, 2016.
             Succumbed to an adder's poison
             ... on level 2 of the Dungeon.
             The game lasted 00:01:05 (1234 turns).

Banto the Poker (Centaur Warper)                    Turns: 1234, Time: 00:01:05

Health: 0/29       AC:  4    Str: 13    XL:     3   Next: 5%
Magic:  5/5        EV:  9    Int: 12    God:
Gold:   51         SH:  0    Dex:  9    Spells: 1 memorised, 4 levels left

rFire  + . .     SeeInvis .     a - +0 spear
rCold  + . .     Gourm    .     b - +0 leather armour
rNeg   . . .     Faith    .     (no shield)
rPois  +         Spirit   .     (no helmet)
rElec  +         Dismiss  .     (no cloak)
rCorr  +         Reflect  .     (no gloves)
SustAt .         Harm     .     (no barding)
MR     .....                    (no amulet)
Stlth  ..........               (no ring)
                                (no ring)

@: lethally poisoned (0 -> -4), resistant, very slightly contaminated, hasted,
very quick, not resistant to hostile enchantments, extremely unstealthy
A: hooves 3, deformed body, speed 2, tough skin 3
a: no special abilities


You were on level 2 of the Dungeon.
You were not hungry.

You visited 1 branch of the dungeon, and saw 2 of its levels.

You collected 51 gold pieces.

Inventory:

Hand Weapons
 a - a +0 spear (weapon)
Missiles
 e - 5 tomahawks of dispersal (quivered)
Armour
 b - a +0 leather armour (worn)
Scrolls
 d - a scroll of blinking
 g - 2 scrolls of enchant weapon {unknown}
 i - 3 scrolls of fog {unknown}
 j - a scroll of amnesia {unknown}
 k - a scroll of recharging {unknown}
 l - a scroll of remove curse {unknown}
 o - a scroll of enchant armour {unknown}
Potions
 h - a potion of resistance
 m - a potion of haste
Books
 c - a book of Spatial Translocations

   Spells                             Type                      Level
   a - Apportation                    Translocation                1
   b - Blink                          Translocation                2
   c - Shroud of Golubria             Charms/Translocation         2
   d - Portal Projectile              Translocation                3
   e - Teleport Other                 Translocation                3
   f - Passage of Golubria            Translocation                4
Comestibles
 f - 2 bread rations
 n - a slice of pizza


   Skills:
 - Level 2.0 Fighting
 + Level 3.2 Polearms
 - Level 1.1 Throwing
 - Level 0.6 Armour
 - Level 1.3 Dodging
 - Level 1.5 Spellcasting
 - Level 2.6 Translocations


You had 4 spell levels left.
You knew the following spells:

 Your Spells              Type           Power        Failure   Level  Hunger
a - Apportation           Tloc           #.........   14%         1    ##.....


Dungeon Overview and Level Annotations

Branches:
Dungeon (2/15)

Altars:


Innate Abilities, Weirdness & Mutations

You have hooves in place of feet.
Armour fits poorly on your strangely shaped body.
You cover ground very quickly.
You have extremely tough skin (AC +3).


Message History

Attack whom?
Press: ? - help, Dir - move target cursor, f/p - adder
Aim: an adder (severely wounded)
You reach to attack!
You hit the adder but do no damage.
The adder is severely wounded.
* * * LOW HITPOINT WARNING * * *
You feel sick.
Attack whom?
Press: ? - help, Dir - move target cursor, f/p - adder
Aim: an adder (severely wounded)
You hit the adder.
You kill the adder!
You have reached level 3!
Your experience leads to an increase in your attributes!
Increase (S)trength, (I)ntelligence, or (D)exterity?
You feel agile.
There is a lethal amount of poison in your body!
There is a lethal amount of poison in your body!
There is a lethal amount of poison in your body!
You die...

##. #..............#
...##.#.###.......##
#......# ##.†.......
#..#...# #....#.##..
#.#_#.## #..........
##..#..#
####.###.###
#......# #........#
.....#.## #.##†#####
##...#<# # #@# ##.
#.# #.# # ... ..#
##### .### .. .. #..
#.


There were no monsters in sight!

Vanquished Creatures
  An adder (D:2)
  3 bats
  A giant cockroach (D:1)
  6 goblins
  3 hobgoblins (D:1)
  A quokka (D:2)
  A giant newt (D:1)
  4 rats (D:1)
20 creatures vanquished.

Notes
Turn   | Place    | Note
--------------------------------------------------------------
     0 | D:1      | Banto the Centaur Warper began the quest for the Orb.
     0 | D:1      | Reached XP level 1. HP: 17/17 MP: 3/3
   350 | D:1      | Reached XP level 2. HP: 24/24 MP: 4/4
  1010 | D:2      | Found a faded altar to an unknown god.
  1192 | D:2      | Reached skill level 3 in Polearms
  1229 | D:2      | HP: 1/24 [poisoned by an adder]
  1230 | D:2      | Reached XP level 3. HP: 1/29 MP: 5/5
  1234 | D:2      | Succumbed to an adder's poison

Vault maps used:
D:1:      nagdon_arrival_double_spiral, grunt_decor_arrowhead,
          serial_bayou_pond_d, st_stairs_12, minmay_gold_behind_fungi
D:2:      ecumenical_altar_1

Action                   || total
-------------------------++-------
Melee: Spear             ||   105
  Use: Potion            ||     2
